 Dungeon Crawl Stone Soup version 0.27.1-34-g3ba077fa99 (webtiles) character file.

Game seed: 6880482844439437456

143 sankara the Insei (level 5, -1/40 HPs)
             Began as a Draconian Transmuter on Jan 28, 2022.
             Slain by an iron imp (5 damage)
             ... on level 3 of the Dungeon.
             The game lasted 00:04:02 (2178 turns).

sankara the Insei (Draconian Transmuter)            Turns: 2178, Time: 00:04:02

Health: -1/40      AC:  5    Str: 12    XL:     5   Next: 4%
Magic:  3/8        EV: 12    Int: 13    God:
Gold:   87         SH:  0    Dex: 13    Spells: 2/8 levels left

rFire    . . .     SeeInvis .     - Unarmed
rCold    . . .     Faith    .   (no shield)
rNeg     . . .     Spirit   .   (armour unavailable)
rPois    +         Reflect  .   (helmet restricted)
rElec    .         Harm     .   (no cloak)
rCorr    .         Rampage  .   (no gloves)
Will     .....                  (no boots)
Stlth    +.........             (no amulet)
HPRegen  0.13/turn              a - ring of poison resistance
MPRegen  0.11/turn              (no ring)

@: no status effects
A: AC +5, unfitting armour, cold-blooded
a: no special abilities


You were on level 3 of the Dungeon.
You visited 1 branch of the dungeon, and saw 3 of its levels.

You collected 87 gold pieces.

Inventory:

Missiles
 d - 49 stones
 g - 6 boomerangs
 k - 6 javelins
Jewellery
 a - a ring of poison resistance (left hand)
 e - a +4 ring of evasion
Scrolls
 b - 2 scrolls of identify {unknown}
 j - 4 scrolls of noise {unknown}
Potions
 c - a potion of heal wounds {unknown}
 f - a potion of brilliance {unknown}
 h - 2 potions of curing {unknown}
 i - a potion of cancellation {unknown}
 l - a potion of degeneration {unknown}
 m - a potion of might {unknown}


   Skills:
 - Level 1.1 Fighting
 - Level 1.7 Dodging
 + Level 4.1 Unarmed Combat
 - Level 2.0 Spellcasting
 * Level 3.7 Transmutations
 * Level 2.0 Poison Magic


You had 2 spell levels left.
You knew the following spells:

 Your Spells              Type           Power      Damage    Failure   Level
a - Beastly Appendage     Tmut           22%        N/A       5%          1
b - Wereblood             Tmut           11%        N/A       9%          2
c - Spider Form           Tmut/Pois      4%         N/A       22%         3

Your spell library contained the following spells:

 Spells                   Type           Power      Damage    Failure   Level
 Static Discharge         Conj/Air       1%         N/A       36%         2
 Gell's Gravitas          Tloc           0%         N/A       58%         3
 Teleport Other           Tloc           1%         N/A       58%         3
 Ice Form                 Ice/Tmut       6%         N/A       75%         4
 Dispel Undead            Necr           1%         3d6       94%         4
 Sticky Flame             Conj/Fire      1%         2d3       94%         4
 Dispersal                Tloc           0%         N/A       100%        6


Dungeon Overview and Level Annotations

Branches:
Dungeon (3/15)

Altars:
Makhleb

Shops:
D:1 [


Innate Abilities, Weirdness & Mutations

Your plain brown scales are hard. (AC +5)
You cannot fit into any form of body armour.
You are cold-blooded and may be slowed by cold attacks.


Message History

You hit the iron imp.
The iron imp is poisoned.
The iron imp is moderately wounded.
You hit the iron imp.
The iron imp is heavily wounded.
The iron imp hits you.
You are too injured to fight recklessly!
You are too injured to fight recklessly!
You are too injured to fight recklessly!
You hit the iron imp.
The iron imp is severely wounded.
The iron imp misses you.
You hit the iron imp but do no damage.
The iron imp is severely wounded.
The iron imp misses you.
You hit the iron imp.
The iron imp looks even sicker.
The iron imp is severely wounded.
You hit the iron imp but do no damage.
The iron imp is almost dead.
You kill the iron imp!
Your Unarmed Combat skill increases to level 4!
You hit the iron imp.
The iron imp is lightly wounded.
The iron imp hits you.
You bite the iron imp!
The iron imp is heavily wounded.
The iron imp completely misses you.
You hit the iron imp.
The iron imp is poisoned.
The iron imp is almost dead.
You kill the iron imp!
Your Poison Magic skill increases to level 2!
You have reached level 5!
You hit the iron imp but do no damage.
The iron imp is heavily wounded.
Your transformation has ended.
The iron imp hits you!
* * * LOW HITPOINT WARNING * * *
You barely miss the iron imp.
The iron imp is heavily wounded.
The iron imp hits you.
You die...

#...§§≈.≈≈≈...#.#
#....≈≈8≈≈§...#.#
#......≈..§...#.#
#.............#.#
#.............#.#
#.............#.#
#.............#.#
##.##.#.#.#.#5#.#
###..##.#.#.#.#@#.#
#.......#.###.#.#.#
#...|...#.....#.#.#
##.......#######.#.#
.............#...#.#
##...........#.###.#
#######.....#.# #.#
#####.....#.###.#
#.........#.....#


You could see an iron imp.

Vanquished Creatures
  2 iron imps (D:3)
  A hound skeleton (D:2)
  3 adders
  2 dart slugs (D:2)
  An orc (D:3)
  A ball python (D:2)
  6 endoplasms
  2 giant cockroaches (D:2)
  6 hobgoblins
  A quokka (D:2)
  3 bats
  4 frilled lizards
  3 goblins
  7 kobolds
  4 rats
46 creatures vanquished.

Notes
Turn   | Place    | Note
-------+----------+-------------------------------------------
     0 | D:1      | sankara the Draconian Transmuter began the quest for the
                  | Orb.
     0 | D:1      | Reached XP level 1. HP: 16/16 MP: 3/3
    33 | D:1      | Found a faded altar of an unknown god.
   257 | D:1      | Reached XP level 2. HP: 22/23 MP: 3/5
   294 | D:1      | Learned a level 2 spell: Wereblood
   572 | D:1      | Found Atefoitie's Antique Armour Shop.
   909 | D:2      | Reached XP level 3. HP: 26/28 MP: 4/6
   917 | D:2      | Learned a level 3 spell: Spider Form
  1206 | D:2      | You fall into a shaft and drop 1 floor!
  1737 | D:2      | Reached skill level 1 in Poison Magic
  1740 | D:2      | Reached XP level 4. HP: 35/35 MP: 4/7
  2131 | D:3      | Found a burning altar of Makhleb.
  2174 | D:3      | Reached skill level 4 in Unarmed Combat
  2177 | D:3      | Reached XP level 5. HP: 13/40 MP: 2/8
  2178 | D:3      | Slain by an iron imp

Illustrated notes

Levels and vault maps discovered:
D:1:      saegor_arrival_miasma, layout_basic, serial_shops, shop_statue,
          chequers_ecumenical_altar_simple_redux
D:2:      layout_basic
D:3:      layout_basic, demons_altar, kennysheep_cross_bottleneck

Skill      XL: |  1  2  3  4 |
---------------+-------------+-----
Transmutations | 3 |  3.7
Poison Magic   | 1 2 |  2.0
Unarmed Combat | 4 |  4.1
Fighting       | |  1.1
Dodging        | |  1.7
Spellcasting   | |  2.0

Action                   |  1- 3 |  4- 6 || total
-------------------------+-------+-------++-------
Melee: Unarmed           |    99 |    34 ||   133
       Kick              |    12 |       ||    12
       Headbutt          |     4 |       ||     4
       Tailslap          |     4 |     2 ||     6
 Cast: Beastly Appendage |    16 |       ||    16
       Spider Form       |     8 |     3 ||    11
Armor: Skin              |    27 |     4 ||    31
Dodge: Dodged            |    57 |    20 ||    77
